 Dungeon Crawl Stone Soup version 0.27.1-2-g3b301248ec (webtiles) character file.

Game seed: 15117230494350722404

156 MajorAdolf the Magician (level 5, -6/42 HPs)
             Began as a Naga Wanderer on Sept 24, 2021.
             Shot with an arrow by a centaur (10 damage)
             ... on level 5 of the Dungeon.
             The game lasted 00:09:29 (4468 turns).

MajorAdolf the Magician (Naga Wanderer)             Turns: 4468, Time: 00:09:30

Health: -6/42      AC:  2    Str: 11    XL:     5   Next: 38%
Magic:  11/11      EV:  9    Int: 16    God:
Gold:   43         SH:  0    Dex: 11    Spells: 9/12 levels left

rFire    . . .     SeeInvis +   l - +2 short sword (drain)
rCold    . . .     Faith    .   (no shield)
rNeg     + . .     Spirit   .   c - +0 robe
rPois    +         Reflect  .   (no helmet)
rElec    .         Harm     .   (no cloak)
rCorr    .         Rampage  .   (no gloves)
Will     .....                  (no barding)
Stlth    +.........             (no amulet)
HPRegen  0.14/turn              f - ring of positive energy
MPRegen  0.12/turn              (no ring)

@: very slow
A: AC +1, large, see invisible, deformed body, poison resistance, slowness 2,
spit poison 1, naga tail 1
a: Spit Poison


You were on level 5 of the Dungeon.
You visited 1 branch of the dungeon, and saw 5 of its levels.

You collected 43 gold pieces.

Inventory:

Hand Weapons
 a - a +2 dagger
 l - a +2 short sword of draining (weapon)
Missiles
 b - 10 curare-tipped darts
Armour
 c - a +0 robe (worn)
 e - a +0 scale mail
 n - a +0 buckler
Jewellery
 f - a ring of positive energy (left hand)
Scrolls
 h - 2 scrolls of teleportation {unknown}
 j - 4 scrolls of identify {unknown}
 k - a scroll of silence {unknown}
 m - a scroll of fog {unknown}
 o - a scroll of noise {unknown}
 q - a scroll of holy word {unknown}
 r - a scroll of fear {unknown}
Potions
 i - a potion of heal wounds {unknown}
 p - a potion of magic {unknown}


   Skills:
 - Level 1.0 Throwing
 - Level 4.0 Spellcasting
 + Level 3.3 Conjurations
 - Level 1.0 Hexes
 - Level 1.0 Ice Magic
 + Level 3.5 Earth Magic
 - Level 1.3 Poison Magic
 - Level 1.0 Evocations


You had 9 spell levels left.
You knew the following spells:

 Your Spells              Type           Power      Damage    Failure   Level
a - Stone Arrow           Conj/Erth      28%        3d8       12%         3

Your spell library contained the following spells:

 Spells                   Type           Power      Damage    Failure   Level
 Sandblast                Erth           28%        2d8       3%          1
 Freeze                   Ice            24%        1d5       11%         1
 Slow                     Hex            6%         N/A       17%         2
 Confusing Touch          Hex            6%         N/A       32%         3
 Frozen Ramparts          Ice            12%        1d3       32%         3
 Vampiric Draining        Necr           1%         2d6       45%         3


Dungeon Overview and Level Annotations

Branches:
Dungeon (5/15)
 Temple: D:4-7

Altars:
Elyvilon
Vehumet

Shops:
D:4 [=

Annotations:
D:1 exclusion: gnoll
D:3 Sigmund


Innate Abilities, Weirdness & Mutations

Your serpentine skin is tough. (AC +1)
You have supernaturally acute eyesight. (SInv)
Armour fits poorly on your strangely shaped body.
Your system is resistant to poisons. (rPois)
You cover ground very slowly.
You can spit poison.
You have a snake-like lower body.


Message History

The scorpion is heavily wounded.
The scorpion stings you!
* * * LOW HITPOINT WARNING * * *
Unknown command.
It was a potion of curing.
You feel better. The scorpion stings you!
* * * LOW HITPOINT WARNING * * *
Okay, then.
As you read the scroll labelled WOSIATHR XALA, it crumbles to dust.
Wisps of shadow whirl around you...
It was a scroll of summoning.
The scorpion barely misses you.
Unknown command.
You swap places.
A goblin comes into view. It is carrying a wand of flame (18).
Found a radiant altar of Vehumet.
You have got your breath back.
The scorpion stings your gnoll!
Your gnoll barely misses the gnoll.
Your gnoll closely misses the scorpion.
The scorpion closely misses your gnoll.
Unknown command.
The scorpion stings your gnoll.
Your gnoll dies!
Your gnoll's corpse dissolves into shadows!
The goblin zaps a wand.
The puff of flame hits your gnoll.
Your gnoll hits the scorpion from afar with a +0 halberd!
Your gnoll hits the gnoll with a +0 halberd!
The gnoll dies!
Your Conjurations skill increases to level 3!
You have reached level 5!
The scorpion barely misses your gnoll.
Your gnoll barely misses the centaur.
Your gnoll hits the scorpion from afar with a +0 halberd.
The scorpion dies!
The centaur unwields a +0 shortbow.
The centaur closely misses your water moccasin.
The centaur kicks your water moccasin but does no damage.
Your gnoll hits the centaur with a +0 halberd!
Your water moccasin closely misses the centaur.
The iguana misses your water moccasin.
The centaur wields a +0 shortbow.
The centaur shoots an arrow.
The arrow barely misses your water moccasin.
The arrow hits you!
You die...

...#. ....... .
.... #........ ..
._.# #........ #..
g.. #........
#...#g. #........
#...... #........
#....###l.......
#...@.Scg......
.....#.g##gg......
.## ##.##<.......
#?.##..g...# #..
.###### #... ##
...# ##.#


You could see a centaur (ally target), an iguana, a goblin (ally target), a
friendly water moccasin (summoned) and 5 friendly gnolls.

Vanquished Creatures
  4 adders
  2 worms
  2 dart slugs
  An orc (D:3)
  3 endoplasms
  3 giant cockroaches
  9 goblins
  7 hobgoblins
  4 kobolds
  3 quokkas
  9 ball pythons
  6 bats
  3 frilled lizards
  5 rats
61 creatures vanquished.

Vanquished Creatures (collateral kills)
  A scorpion (D:5)
  A gnoll (D:5)
2 creatures vanquished.

Grand Total: 63 creatures vanquished

Notes
Turn   | Place    | Note
-------+----------+-------------------------------------------
     0 | D:1      | MajorAdolf the Naga Wanderer began the quest for the Orb.
     0 | D:1      | MajorAdolf set off with the following items: a +2 dagger, 2
                  | curare-tipped darts, a +0 robe; and the following spells
                  | available to memorise: Freeze, Sandblast, Frozen Ramparts,
                  | Stone Arrow
     0 | D:1      | Reached XP level 1. HP: 15/15 MP: 5/5
   305 | D:1      | Reached skill level 1 in Conjurations
   305 | D:1      | Reached XP level 2. HP: 22/22 MP: 7/7
  1733 | D:1      | Reached XP level 3. HP: 28/28 MP: 8/8
  1952 | D:1      | Found a faded altar of an unknown god.
  2482 | D:2      | Learned a level 3 spell: Stone Arrow
  3086 | D:2      | Reached XP level 4. HP: 21/36 MP: 10/10
  4281 | D:3      | Noticed Sigmund
  4391 | D:4      | Found Calukh's Antique Armour Boutique.
  4422 | D:4      | Found Tohyq's Jewellery Boutique.
  4439 | D:4      | Found a white marble altar of Elyvilon.
  4458 | D:5      | Entered Level 5 of the Dungeon
  4458 | D:5      | Noticed a centaur
  4458 | D:5      | Noticed a scorpion
  4462 | D:5      | HP: 1/36 [scorpion (8)]
  4465 | D:5      | Found a radiant altar of Vehumet.
  4467 | D:5      | Reached XP level 5. HP: 4/42 MP: 11/11
  4468 | D:5      | Shot with an arrow by a centaur

Illustrated notes

Levels and vault maps discovered:
D:1:      lightli_arrival_maybe_door_vault, layout_basic,
          hellmonk_ecumenical_altar_crossroads, minivault_4,
          kennysheep_small_spiral, minmay_tetromino_l4
D:2:      layout_basic
D:3:      minmay_chambers_of_threes, layout_basic, xom_butterflies,
          mainiacjoe_overflow_alcove_2, serial_park_tiny_1, uniq_jessica,
          uniq_sigmund, uniq_crazy_yiuf_cottage
D:4:      minmay_clustersquares, layout_gridville,
          mainiacjoe_overflow_small_starburst, nicolae_hepliaklqana_hazy_memory,
          cheibriados_altar_1, serial_glass, glass_columns_c, glass_columns_c,
          serial_shops, nicolae_diamond_shop, nicolae_diamond_shop,
          shop_fountains, nicolae_shop_firing_range
D:5:      layout_rooms, vehumet_altar_wand_db, grunt_temple_overflow_open,
          chequers_serial_rivers_large_a

Skill      XL: |  1  2  3  4 |
---------------+-------------+-----
Conjurations   | 1 2 3 |  3.3
Earth Magic    | 2 3 |  3.5
Throwing       | |  1.0
Spellcasting   | |  4.0
Hexes          | |  1.0
Ice Magic      | |  1.0
Poison Magic   | |  1.3
Evocations     | |  1.0

Action                   |  1- 3 |  4- 6 || total
-------------------------+-------+-------++-------
Melee: Dagger            |    57 |       ||    57
       Short sword       |    19 |    52 ||    71
 Abil: Spit Poison       |    51 |    15 ||    66
  Use: Scroll            |       |     1 ||     1
       Potion            |       |     1 ||     1
Armor: Robe              |    19 |    17 ||    36
Dodge: Dodged            |    46 |    35 ||    81
